 Dungeon Crawl Stone Soup version 0.27-a0-1559-g299f9947c5 (webtiles) character file.

Game seed: 10259672877237138742

2880 HAL9000 the Stinger (level 9, -5/42 HPs)
             Began as a Vine Stalker Brigand on July 16, 2021.
             Slain by an orc warrior (13 damage)
             ... on level 8 of the Dungeon.
             The game lasted 00:14:54 (7993 turns).

HAL9000 the Stinger (Vine Stalker Brigand)          Turns: 7993, Time: 00:14:55

Health: -5/42      AC:  7    Str: 15    XL:     9   Next: 76%
Magic:  0/10       EV: 11    Int: 14    God:
Gold:   429        SH:  0    Dex: 15    Spells: 5/8 levels left

rFire    . . .     SeeInvis .   A - +1 dagger (vamp)
rCold    . . .     Faith    .   (no shield)
rNeg     . . .     Spirit   +   n - +2 leather armour {rPois}
rPois    +         Reflect  .   l - +0 helmet
rElec    .         Harm     .   c - +0 cloak
rCorr    .         Rampage  .   (no gloves)
Will     +....                  (no boots)
Stlth    +++.......             (no amulet)
HPRegen  1.14/turn              k - ring of poison resistance
MPRegen  0.12/turn              (no ring)

@: no status effects
A: fangs 3, regeneration 1, magic shield, antimagic bite, no potion heal 2
a: no special abilities


You were on level 8 of the Dungeon.
You visited 1 branch of the dungeon, and saw 8 of its levels.

You collected 429 gold pieces.

Inventory:

Hand Weapons
 h - a +2 dagger of speed
 r - a +2 hunting sling of freezing
 A - a +1 vampiric dagger (weapon)
Missiles
 a - 8 sling bullets
 d - 7 poisoned darts (quivered)
 q - 4 boomerangs
 s - 111 stones
 y - 4 javelins
Armour
 c - a +0 cloak (worn)
 l - a +0 helmet (worn)
 n - a +2 leather armour of poison resistance (worn)
 G - a +0 robe of positive energy
Jewellery
 k - a ring of poison resistance (left hand)
 L - a ring of fire
Wands
 D - a wand of paralysis (12)
 H - a wand of flame (21)
Scrolls
 b - 3 scrolls of teleportation {unknown}
 f - 3 scrolls of magic mapping {unknown}
 j - 3 scrolls of noise {unknown}
 u - a scroll of summoning {unknown}
 v - a scroll of immolation {unknown}
 w - a scroll of fear {unknown}
 x - 2 scrolls of enchant weapon {unknown}
 C - 2 scrolls of amnesia {unknown}
 E - a scroll of silence {unknown}
 F - a scroll of vulnerability {unknown}
Potions
 g - a potion of attraction {unknown}
 i - 3 potions of lignification
 m - 2 potions of haste
 o - a potion of curing {unknown}
 p - a potion of mutation {unknown}
 t - 2 potions of might {unknown}
 z - a potion of degeneration {unknown}
 B - a potion of resistance {unknown}
 I - a potion of brilliance {unknown}
 J - a potion of berserk rage {unknown}
 K - a potion of flight {unknown}


   Skills:
 - Level 1.9 Fighting
 - Level 6.0 Short Blades
 - Level 5.0 Throwing
 - Level 0.7 Dodging
 - Level 6.3 Stealth
 - Level 6.7 Air Magic
 - Level 6.7 Poison Magic


You had 5 spell levels left.
You knew the following spells:

 Your Spells              Type           Power      Damage    Failure   Level
a - Mephitic Cloud        Conj/Pois/Air  12%        N/A       17%         3

Your spell library contained the following spells:

 Spells                   Type           Power      Damage    Failure   Level
 Spider Form              Tmut/Pois      4%         N/A       26%         3
 Animate Skeleton         Necr           0%         N/A       34%         1
 Apportation              Tloc           0%         N/A       34%         1
 Beastly Appendage        Tmut           0%         N/A       34%         1
 Corona                   Hex            0%         N/A       34%         1
 Magic Dart               Conj           0%         1d3       34%         1
 Summon Small Mammal      Summ           0%         N/A       34%         1
 Call Imp                 Summ           0%         N/A       47%         2
 Wereblood                Tmut           0%         N/A       47%         2
 Dazzling Flash           Conj/Hex       0%         N/A       71%         3
 Silence                  Hex/Air        4%         N/A       94%         5
 Freezing Cloud           Conj/Ice/Air   3%         6-21      98%         5
 Agony                    Necr           0%         N/A       100%        5
 Simulacrum               Ice/Necr       0%         N/A       100%        6
 Polar Vortex             Ice            0%         N/A       100%        9


Dungeon Overview and Level Annotations

Branches:
Dungeon (8/15)             Temple (0/1) D:6
   Lair: D:8-11

Altars:
Fedhas
Sif Muna
Trog
Uskayaw
The Shining One

Shops:
D:7 *   D:8 =

Annotations:
D:2 Sigmund
D:8 Erica


Innate Abilities, Weirdness & Mutations

You have razor-sharp teeth.
Your natural rate of healing is unusually fast.
When hurt, damage is shared between your health and your magic reserves.
Your bite disrupts and absorbs the magic of your enemies.
Potions cannot restore your health.


Message History

r - a +2 hunting sling of freezing (weapon)
You shoot a stone. The stone hits the orc warrior.
The stone freezes the orc warrior.
The orc warrior is moderately wounded.
You shoot a stone.
The stone hits the orc warrior but does no damage.
The orc warrior is moderately wounded.
The orc warrior closely misses you.
Your +2 hunting sling of freezing stops glowing.
You feel a sense of dread.
A - a +1 vampiric dagger (weapon)
The orc warrior barely misses you.
The orc warrior hits you with a +0 halberd!
You hit the orc warrior but do no damage.
The orc warrior is moderately wounded.
The orc warrior hits you with a +0 halberd!
You hit the orc warrior but do no damage.
Your bite misses the orc warrior.
The orc warrior is moderately wounded.
You hit the orc warrior but do no damage.
You bite the orc warrior. You drain its power.
You feel invigorated.
The orc warrior is heavily wounded.
The orc warrior completely misses you.
You hit the orc warrior. You bite the orc warrior. You drain its power.
You feel invigorated.
The orc warrior is heavily wounded.
The orc warrior hits you with a +0 halberd!
* * * LOW HITPOINT WARNING * * *
You hit the orc warrior but do no damage.
You bite the orc warrior. You drain its power.
You feel invigorated.
The orc warrior is severely wounded.
You barely miss the orc warrior.
The orc warrior is severely wounded.
The orc warrior looks more healthy.
The orc warrior hits you with a +0 halberd!
* * * LOW HITPOINT WARNING * * *
You completely miss the orc warrior.
The orc warrior is severely wounded.
The orc warrior hits you with a +0 halberd!
You die...

#...#....
##)####...
##)## #...
##[## #...
###.##
#.#.
####..##
#.##
###....##
#.#
##...((##
###
#..@o###
##<.##
###.##
##.# ###


You could see an orc warrior.

Vanquished Creatures
  Prince Ribbit (D:7)
  A hog (D:6)
  A water moccasin (D:7)
  2 sky beasts
  An orc warrior (D:6)
  An ice beast (D:6)
  An ogre (D:6)
  A necrophage (D:4)
  2 centaurs
  A phantom (D:5)
  A kobold brigand (D:8)
  A wyvern zombie (D:7)
  A bullfrog (D:6)
  A gnoll sergeant (D:6)
  5 scorpions
  A wyvern skeleton (D:7)
  3 howler monkeys (D:7)
  2 centaur zombies
  2 bullfrog zombies
  2 hounds
  3 orc priests
  2 iguanas
  Natasha (twice) (D:3)
  7 orc wizards
  Terence (D:2)
  2 hound zombies (D:5)
  A howler monkey zombie (D:7)
  8 gnolls
  11 adders
  A white imp (D:6)
  An ufetubus (D:4)
  An adder skeleton (D:4)
  2 worms (D:3)
  29 orcs
  5 bats
  13 endoplasms
  A giant cockroach (D:4)
  4 goblins
  6 hobgoblins
  2 jackals (D:4)
  5 quokkas
  10 ball pythons
  5 frilled lizards
  12 kobolds
  5 rats
170 creatures vanquished.

Notes
Turn   | Place    | Note
-------+----------+-------------------------------------------
     0 | D:1      | HAL9000 the Vine Stalker Brigand began the quest for the
                  | Orb.
     0 | D:1      | Reached XP level 1. HP: 11/11 MP: 2/2
   110 | D:1      | Reached skill level 5 in Stealth
   444 | D:1      | Reached XP level 2. HP: 14/15 MP: 3/3
  1019 | D:2      | Noticed Terence
  1021 | D:2      | Killed Terence
  1022 | D:2      | Reached XP level 3. HP: 18/18 MP: 4/4
  1317 | D:2      | Noticed Sigmund
  2053 | D:2      | Gained mutation: Your natural rate of healing is unusually
                  | fast. [Vine Stalker growth]
  2053 | D:2      | Reached XP level 4. HP: 19/23 MP: 5/5
  2357 | D:3      | Found a faded altar of an unknown god.
  3067 | D:3      | Reached XP level 5. HP: 26/26 MP: 6/6
  3079 | D:3      | Learned a level 3 spell: Mephitic Cloud
  3094 | D:3      | Noticed Natasha
  3101 | D:3      | Killed Natasha
  3120 | D:3      | Noticed Natasha
  3137 | D:3      | Killed Natasha
  3229 | D:4      | Noticed a necrophage
  3278 | D:4      | Killed a necrophage
  3279 | D:4      | Reached XP level 6. HP: 30/30 MP: 7/7
  3292 | D:4      | Reached skill level 5 in Throwing
  3597 | D:4      | Reached skill level 1 in Air Magic
  3597 | D:4      | Reached skill level 1 in Poison Magic
  4024 | D:5      | Entered Level 5 of the Dungeon
  4069 | D:5      | Reached XP level 7. HP: 30/34 MP: 4/8
  4208 | D:5      | Found a blossoming altar of Fedhas.
  4809 | D:6      | Found a shimmering blue altar of Sif Muna.
  4870 | D:6      | Gained mutation: You have razor-sharp teeth. [Vine Stalker
                  | growth]
  4870 | D:6      | Reached XP level 8. HP: 39/39 MP: 9/9
  5081 | D:6      | Reached skill level 5 in Short Blades
  5128 | D:6      | Identified the +8 ring mail of Responsibility {Drain rC+
                  | Dex+2}
  5579 | D:6      | Found a staircase to the Ecumenical Temple.
  5760 | D:6      | Noticed a +0 short sword
  5761 | D:6      | Noticed a +0 dagger
  5761 | D:6      | Noticed a +0 dagger
  5762 | D:6      | Noticed a +0 spear
  5763 | D:6      | Noticed a +0 falchion
  5763 | D:6      | Noticed a +0 falchion
  5764 | D:6      | Noticed a +0 spear
  5765 | D:6      | Found a hide-covered altar of Uskayaw.
  5765 | D:6      | Noticed a +0 short sword
  5896 | D:6      | Found a glowing golden altar of the Shining One.
  6037 | D:6      | Found a bloodstained altar of Trog.
  6194 | D:7      | Noticed Prince Ribbit
  6332 | D:6      | Reached XP level 9. HP: 20/42 MP: 6/10
  6442 | D:6      | Reached skill level 5 in Air Magic
  6442 | D:6      | Reached skill level 5 in Poison Magic
  6516 | D:7      | Killed Prince Ribbit
  6770 | D:7      | Found Hudofioloi's Gadget Gallery.
  7444 | D:8      | Found Puremuw's Jewellery Shop.
  7477 | D:8      | Noticed Erica
  7993 | D:8      | Slain by an orc warrior

Illustrated notes

Levels and vault maps discovered:
D:1:      tarquinn_simple_flora_water_e, layout_rooms, kennysheep_boxes
D:2:      layout_basic, uniq_sigmund, uniq_terence
D:3:      layout_basic, dreamdust_ecumenical_altar_grove,
          serial_co_window_serial, co_window_paths_a,
          co_window_of_opportunity_a, co_window_of_opportunity_a,
          co_window_paths_a, co_window_corner_a, co_window_broadway_b,
          co_window_broadway_b, co_window_corner_cb, co_window_corner_ca,
          co_window_corner_b, co_window_4corner_a, glass_columns_c,
          glass_columns_a, uniq_natasha
D:4:      layout_loops_cross, grunt_ministairs_2, minmay_circle_x
D:5:      layout_rooms, mainiacjoe_overflow_boulevard
D:6:      layout_loops_corners, nicolae_uskayaw_en_pointe, tso_altar,
          old_standard_altar, trog_butcher_becter,
          minmay_temple_entry_from_below_b, hangedman_decor_growths
D:7:      layout_rooms, hangedman_decor_riveting, grunt_livestock,
          minmay_misc_feat_diagonals, nicolae_shop_gadgets, uniq_prince_ribbit1
D:8:      layout_layer_cave, grunt_qazlal_clouds, serial_shops,
          nicolae_diamond_shop, uniq_erica

Skill      XL: |  1  2  3  4  5  6  7  8  9 |
---------------+----------------------------+-----
Stealth        | 5 6 |  6.3
Short Blades   | 2 3 6 |  6.0
Throwing       | 2 3 4 5 |  5.0
Air Magic      | 1 3 4 6 |  6.7
Poison Magic   | 1 3 4 6 |  6.7
Fighting       | |  1.9
Dodging        | |  0.7

Action                   |  1- 3 |  4- 6 |  7- 9 || total
-------------------------+-------+-------+-------++-------
Melee: Dagger            |    69 |   224 |   508 ||   801
       Bite              |    13 |    52 |   166 ||   231
 Fire: Hunting sling     |       |     1 |    70 ||    71
Throw: Dart              |       |     7 |    43 ||    50
       Boomerang         |       |       |     7 ||     7
  Use: Scroll            |       |       |     3 ||     3
 Stab: Sleeping          |     6 |    13 |     7 ||    26
Armor: Robe              |    15 |       |       ||    15
       Leather armour    |     3 |    51 |   145 ||   199
Dodge: Dodged            |    27 |    69 |   239 ||   335

Table legend: (Time is in decaauts)
 A = Elapsed time spent in this place.
 B = Non-inter-level travel time spent in this place.
 C = Inter-level travel time spent in this place.
 D = Time resting spent in this place.
 E = Time spent auto-exploring this place.
 F = Levels seen in this place.
 G = Mean time per level.
                   A        B        C        D        E       F      G
               +--------+--------+--------+--------+--------+-----+--------+
         Total |   7736 |   7202 |    534 |   1078 |   4326 |   8 |  967.0 |
       Dungeon |   7736 |   7202 |    534 |   1078 |   4326 |   8 |  967.0 |
               +--------+--------+--------+--------+--------+-----+--------+

Top non-repeatable levels by time:
     D:6: 1561 daAuts
     D:1: 1211 daAuts
     D:7: 1030 daAuts
     D:3: 1004 daAuts
     D:2: 974 daAuts
     D:4: 769 daAuts
     D:5: 664 daAuts
     D:8: 521 daAuts
